[ AOE2 MATCH · #506178766 ]
UnrankedLithuanians vs Gurjaras
Rival team · LOSS
[ REPLAY ANALYSIS · EXTRACTED FROM THE RECORDED GAME ]
Feudal
—
Castle
—
Imperial
—
| APM avg | 72.9 |
| APM peak | 87 |
| eAPM avg | 27.1 |
| Villagers / military | 18 / 3 |
Focus
⚔️ 26.7% · 🌾 73.3%
Militia ×3
Feudal
—
Castle
—
Imperial
—
| APM avg | 63.9 |
| APM peak | 93 |
| eAPM avg | 20.9 |
| Villagers / military | 20 / 0 |
Focus
⚔️ 31.1% · 🌾 68.9%
Match map
Initial resources + every placement click. Lines = walls · curves = elevation contours. ◆ gold · ⬟ stone · ● berries · ✦ relic · ◌ wall gap
Your base
Madeen's base
Smoothed initial terrain · ◌ = detected wall gap · hover for details
Inputs per minute
— jaumecr25 - - Madeen
Build order — jaumecr25
26 actions detected in the replay
| 0:00 | Queue | Villager (Male) |
| 0:02 | Build | House |
| 0:02 | Build | House |
| 0:08 | Queue | Villager (Male) |
| 0:08 | Queue | Villager (Male) |
| 0:08 | Queue | Villager (Male) |
| 0:33 | Queue | Villager (Male) |
| 0:33 | Queue | Villager (Male) |
| 2:00 | Queue | Villager (Male) |
| 2:25 | Build | Barracks |
| 2:26 | Queue | Villager (Male) |
| 3:08 | Queue | Villager (Male) |
| 3:10 | Build | House |
| 3:20 | Queue | Militia |
| 3:20 | Queue | Militia |
| 3:37 | Queue | Villager (Male) |
| 4:01 | Queue | Villager (Male) |
| 4:10 | Queue | Militia |
| 4:14 | Queue | Villager (Male) |
| 4:16 | Queue | Villager (Male) |
| 4:50 | Build | House |
| 4:50 | Queue | Villager (Male) |
| 5:20 | Queue | Villager (Male) |
| 5:36 | Queue | Villager (Male) |
| 6:00 | Queue | Villager (Male) |
| 6:10 | Queue | Villager (Male) |
Build order — Madeen
27 actions detected in the replay
| 0:00 | Queue | Villager (Male) |
| 0:00 | Queue | Villager (Male) |
| 0:01 | Build | House |
| 0:03 | Build | House |
| 0:19 | Queue | Villager (Male) |
| 0:23 | Queue | Villager (Male) |
| 0:40 | Build | Mill |
| 1:31 | Queue | Villager (Male) |
| 1:54 | Queue | Villager (Male) |
| 1:54 | Queue | Villager (Male) |
| 2:27 | Queue | Villager (Male) |
| 2:40 | Queue | Villager (Male) |
| 2:51 | Queue | Villager (Male) |
| 3:26 | Queue | Villager (Male) |
| 3:45 | Build | House |
| 3:52 | Queue | Villager (Male) |
| 3:55 | Queue | Villager (Male) |
| 3:59 | Queue | Villager (Male) |
| 3:59 | Queue | Villager (Male) |
| 4:23 | Build | House |
| 4:38 | Queue | Villager (Male) |
| 4:46 | Queue | Villager (Male) |
| 5:21 | Queue | Villager (Male) |
| 5:30 | Build | Lumber Camp |
| 5:46 | Research | Loom |
| 6:02 | Queue | Villager (Male) |
| 6:03 | Queue | Villager (Male) |
Match timeline
| 2:25 | jaumecr25 · first_building Barracks |
| 6:13 | Madeen · resign |
[ AI ANALYSIS · 1 CREDIT ]
What really happened in this match?
Wolo.gg analyzes every decision: build order, eco, micro, common mistakes by bracket. Personalized analysis on WhatsApp or Discord in 30 seconds.
Civ guide
Lithuanians
Perfil
Jugador #10192981